 Dungeon Sprint DCSS version 0.17-a0-1210-g1e4f09d (webtiles) character file.

58 nuthulu the Covered (level 4, 0/31 HPs)
             Began as a Gargoyle Fighter on June 3, 2015.
             Slain by a water elemental (12 damage)
             ... in the Dungeon (Sprint III: "The Ten Rune Challenge").
             The game lasted 00:01:08 (511 turns).

nuthulu the Covered (Gargoyle Fighter)               Turns: 511, Time: 00:01:08

Health: 0/31       AC: 14    Str: 21    XL:     4   Next: 1%
Magic:  4/4        EV:  8    Int:  8    God:
Gold:   25         SH: 12    Dex:  9    Spells: 0 memorised, 3 levels left

rFire  . . .     SeeInvis .     a - +0 flail
rCold  . . .     Clarity  .     b - +0 scale mail
rNeg   + . .     SustAt   .     c - +0 shield
rPois  ∞         Gourm    .     (no helmet)
rElec  +         Spirit   .     n - +0 cloak
rCorr  .         Warding  .     (no gloves)
rMut   .         NoTele   +     (no boots)
MR     .....                    (no amulet)
Stlth  ..........               (no ring)
                                (no ring)

@: engulfed, not resistant to hostile enchantments, extremely unstealthy
A: large bone plates 1, mutation resistance 1, negative energy resistance 1,
electricity resistance, spit poison 1, unbreathing, petrification resistance,
rot immunity, AC +3
a: Spit Poison


You were in the Dungeon.
You were not hungry.

You visited 1 branch You collected 25 gold pieces.

Inventory:

Hand weapons
 a - a +0 flail (weapon)
Armour
 b - a +0 scale mail (worn)
 c - a +0 shield (worn)
 n - a +0 cloak (worn)
Magical devices
 l - a wand of polymorph (4)
Scrolls
 k - a scroll of blinking
 p - a scroll of immolation {unknown}
 q - 3 scrolls of identify
 r - a scroll of remove curse {unknown}
 u - a scroll of holy word {unknown}
 v - a scroll of enchant armour {unknown}
Potions
 d - a potion of might
 f - a potion of curing
 g - a potion of heal wounds
 h - a potion of haste
 i - 2 potions of magic
 j - a potion of berserk rage
 s - 2 potions of cure mutation
 t - 3 potions of flight
 w - a potion of lignification {unknown}
Comestibles
 e - 3 bread rations
 m - a chunk of flesh


   Skills:
 * Level 5.4 Fighting
 * Level 3.0 Maces & Flails
 * Level 5.6 Armour
 + Level 0.4 Dodging
 * Level 5.4 Shields


You had 3 spell levels left.
You didn't know any spells.

Dungeon Overview and Level Annotations

Branches:
Dungeon (1/1)

Altars:


Innate Abilities, Weirdness & Mutations

You are resistant to torment.
Your stone body is resilient (AC +3).
You are immune to poison.
You resist negative energy.
You are resistant to electric shocks.
You can survive without breathing.
You are immune to petrification.
You are immune to rotting.
You are partially covered in large bone plates (AC +2, SH +2).
You are somewhat resistant to further mutation.
You can spit weak poison.


Message History

You feel extremely strange.
Large bone plates grow over parts of your arms.
You start waiting.
There is an open door here.
You open the door.
A water elemental comes into view.
You hit the water elemental.
The water elemental is lightly damaged.
The water elemental hits you.
The water elemental engulfs you in water!
You hit the water elemental.
The water elemental is moderately damaged.
The water elemental hits you.
You sock the water elemental!
The water elemental is heavily damaged.
The water elemental hits you! You block the water elemental's attack.
Your shield and scale mail prevent you from hitting the water elemental.
The water elemental is heavily damaged.
The water elemental hits you!
You die...

▓▓▓▓▓▓▓▓ ▓▓▓ <..#[..####
##.# ...#......#####..#
..##.......#..#..#
##.##.##...#..#..# #+#+#
##.##.###..##'#..#......
#.####.##..###..@E.⌠....
.###..##..####...#...###
#.....##..###....# ⌠.#
###..##...##.....# .#
##..##....#.)....# #
#..###..##.#.....# #..#
#.. ####....# ▓▓▓▓ ▓▓▓
▓▓▓▓▓▓


You could see a water elemental.

Vanquished Creatures
  Crazy Yiuf (D)
  A human (D)
  2 oozes (D)
  2 rats (D)
6 creatures vanquished.

Vanquished Creatures (others)
  A draconian scorcher (D)
  A yaktaur (D)
2 creatures vanquished.

Grand Total: 8 creatures vanquished

Notes
Turn   | Place    | Note
--------------------------------------------------------------
     0 | D        | nuthulu the Gargoyle Fighter began the quest for the Orb.
     0 | D        | Reached XP level 1. HP: 14/14 MP: 1/1
    18 | D        | Reached skill level 4 in Fighting
    18 | D        | Reached XP level 2. HP: 13/20 MP: 2/2
    23 | D        | Killed a yaktaur
   171 | D        | Reached skill level 5 in Armour
   171 | D        | Reached XP level 3. HP: 4/24 MP: 3/3
   283 | D        | Killed a white draconian scorcher
   408 | D        | Noticed Crazy Yiuf
   423 | D        | Killed Crazy Yiuf
   423 | D        | Reached skill level 5 in Fighting
   423 | D        | Reached skill level 5 in Shields
   423 | D        | Reached XP level 4. HP: 31/31 MP: 4/4
   466 | D        | Gained mutation: You are somewhat resistant to further mutation. [potion of mutation]
   466 | D        | Gained mutation: You can spit weak poison. [potion of mutation]
   467 | D        | Gained mutation: You are partially covered in large bone plates (AC +2, SH +2). [potion of mutation]
   507 | D        | Noticed a water elemental
   511 | D        | Slain by a water elemental

Vault maps used:
D:        dungeon_sprint_mu

Action                   |  1- 3 |  4- 6 || total
-------------------------+-------+-------++-------
Melee: Flail             |    38 |     4 ||    42
  Use: Potion            |       |     2 ||     2
